 Dungeon Crawl Stone Soup version 0.25-a0-109-ge9c0e85935 (webtiles) character file.

Game seed: 17866905027307895668, levelgen mode: deterministic

394 vurker the Chopper (level 7, -1/55 HPs)
             Began as a Formicid Abyssal Knight on Nov 18, 2019.
             Was a Priest of Lugonu.
             Succumbed to a scorpion's poison
             ... on level 4 of the Dungeon.
             The game lasted 00:08:14 (4825 turns).

vurker the Chopper (Formicid Abyssal Knight)        Turns: 4825, Time: 00:08:15

Health: -1/55      AC: 10    Str: 21    XL:     7   Next: 9%
Magic:  1/10       EV:  7    Int: 17    God:    Lugonu [***...]
Gold:   254        SH:  3    Dex: 12    Spells: 6/6 levels left

rFire    . . .     SeeInvis +   f - +0 war axe
rCold    . . .     Gourm    +   p - +0 buckler
rNeg     . . .     Faith    .   k - +0 chain mail
rPois    .         Spirit   .   (helmet unavailable)
rElec    .         Reflect  .   c - +0 cloak
rCorr    .         Harm     .   q - +0 pair of gloves
MR       .....                  (no boots)
Stlth    ..........             r - amulet of the gourmand
HPRegen  0.18/turn              o - +2 ring of dexterity
MPRegen  0.12/turn              a - +3 ring of strength

@: brilliant, lethally poisoned (-1 -> -11)
A: permanent stasis, dig shafts and tunnels, four strong arms, antennae 3
a: Dig, Shaft Self, Depart the Abyss, Bend Space, Banish, Renounce Religion


You were on level 4 of the Dungeon.
You worshipped Lugonu.
Lugonu was most pleased with you.
You were very full.

You visited 1 branch of the dungeon, and saw 4 of its levels.
You visited the Abyss 1 time.

You collected 254 gold pieces.

Inventory:

Hand Weapons
 f - a +0 war axe (weapon)
   (You took it off an orc on level 3 of the Dungeon)
Armour
 c - a +0 cloak (worn)
   (You found it on level 1 of the Abyss)
 k - a +0 chain mail (worn)
   (You found it on level 2 of the Dungeon)
 p - a +0 buckler (worn)
   (You found it on level 3 of the Dungeon)
 q - a +0 pair of gloves (worn)
   (You found it on level 3 of the Dungeon)
Jewellery
 a - a +3 ring of strength (right hand)
   (You found it on level 3 of the Dungeon)
 o - a +2 ring of dexterity (left hand)
   (You found it on level 3 of the Dungeon)
 r - an amulet of the gourmand (around neck)
   (You found it on level 3 of the Dungeon)
Wands
 v - a wand of digging (8)
   (You found it on level 2 of the Dungeon)
Scrolls
 d - 2 scrolls of remove curse
 g - a scroll of immolation
 h - a scroll of magic mapping
 m - a scroll of enchant armour {unknown}
 t - a scroll of fog {unknown}
 u - 2 scrolls of teleportation {unknown}
 w - a scroll of random uselessness {unknown}
Potions
 b - a potion of haste {unknown}
 i - 2 potions of lignification {unknown}
 l - 2 potions of brilliance
 n - a potion of curing {unknown}
 s - 2 potions of flight {unknown}
 x - a potion of might {unknown}
Comestibles
 e - 9 rations
 j - 3 chunks of flesh


   Skills:
 + Level 4.9 Fighting
 * Level 5.2 Axes
 - Level 2.1 Armour
 - Level 0.8 Dodging
 + Level 4.4 Invocations


You had 6 spell levels left.
You didn't know any spells.
Your spell library was empty.

Dungeon Overview and Level Annotations

Branches:
Dungeon (4/15)
 Temple: D:4-7

Altars:


Innate Abilities, Weirdness & Mutations

You cannot be hasted, slowed, berserked, paralysed or teleported.
You can dig through walls and to a lower floor.
Your four strong arms can wield two-handed weapons with a shield.
You have a pair of large antennae on your head. (SInv)


Message History

a +0 war axe; an orc skeleton You sense a monster nearby.
Found a stone staircase leading down.
An ogre comes into view. It is wielding a +0 giant club.
The ogre shouts!
Okay, then.
Okay, then.
Okay, then.
Okay, then.
An adder skeleton comes into view.
A scorpion comes into view.
You slash the ogre! The ogre hits you with a +0 giant club!
You hit the ogre. The ogre completely misses you.
You slash the ogre! The ogre barely misses you.
You hit the ogre. You barely miss the adder skeleton.
The ogre hits you with a +0 giant club!
* * * LOW HITPOINT WARNING * * *
You block the adder skeleton's attack.
Aim: an adder skeleton (chance to defeat MR: 91%)
Okay, then.
Aim: an ogre, wielding a +0 giant club (severely wounded, chance to defeat MR: 83%)
The ogre barely resists.
You feel somewhat less full. The adder skeleton bites you.
* * * LOW HITPOINT WARNING * * *
The ogre closely misses you.
The adder skeleton bites you but does no damage.
Aim: an ogre, wielding a +0 giant club (severely wounded, chance to defeat MR: 83%)
You fail to use your ability.
The ogre misses you.
The adder skeleton bites you but does no damage.
Aim: an ogre, wielding a +0 giant club (severely wounded, chance to defeat MR: 83%)
You fail to use your ability.
The scorpion stings you but does no damage.
The adder skeleton barely misses you. The ogre hits you with a +0 giant club!
* * * LOW HITPOINT WARNING * * *
Aim: an ogre, wielding a +0 giant club (severely wounded, chance to defeat MR: 83%)
The ogre is devoured by a tear in reality.
Lugonu claims a new guest.
Your Axes skill increases to level 5!
You have reached level 7!
The scorpion stings you but does no damage.
The adder skeleton barely misses you.
You hit the scorpion but do no damage. You barely miss the adder skeleton.
The scorpion stings you.
* * * LOW HITPOINT WARNING * * *
You are lethally poisoned!
The scorpion poisons you!
The adder skeleton bites you but does no damage.
It was a potion of brilliance.
You feel clever all of a sudden.
You die...

. .....#... ..
........ ... ......
..#....# ...>.#
#...# #.§§# #..§##
#.§Z@#####
#..s.....#
#.(......#
#........#######
#..............##
.................##
...................#
.......##..))......#
.....#.....).......#


You could see a scorpion and an adder skeleton.

Vanquished Creatures
  Natasha (thrice) (D:2)
  An orc wizard (D:3)
  6 adders
  5 oozes (D:1)
  6 worms
  2 dart slugs
  3 leopard geckos
  13 orcs
  12 giant cockroaches
  7 goblins
  10 hobgoblins
  18 jackals
  6 bats
  A frilled lizard (D:3)
  5 kobolds
  10 rats
108 creatures vanquished.

Vanquished Creatures (others)
  An ogre (D:4)
1 creature vanquished.

Grand Total: 109 creatures vanquished

Notes
Turn   | Place    | Note
-------+----------+-------------------------------------------
     0 | Abyss:1  | vurker the Formicid Abyssal Knight began the quest for the
                  | Orb.
     0 | Abyss:1  | Reached XP level 1. HP: 18/18 MP: 2/2
    48 | Abyss:1  | Found a corrupted altar of Lugonu.
   184 | Abyss:1  | Noticed a small abomination
   216 | Abyss:1  | Noticed a large abomination
   225 | D:1      | Escaped the Abyss
   227 | D:1      | Found a runed translucent door.
   352 | D:1      | Reached XP level 2. HP: 22/24 MP: 3/3
   360 | D:1      | Reached * piety under Lugonu
   752 | D:1      | Reached XP level 3. HP: 29/29 MP: 4/4
  1222 | D:1      | Reached skill level 3 in Axes
  1242 | D:1      | Reached XP level 4. HP: 30/37 MP: 6/6
  1455 | D:1      | Reached ** piety under Lugonu
  1938 | D:2      | Reached XP level 5. HP: 26/42 MP: 7/7
  2261 | D:2      | Noticed Natasha
  2282 | D:2      | Killed Natasha
  2282 | D:2      | Reached skill level 4 in Axes
  2684 | D:2      | Noticed Natasha
  2697 | D:2      | Killed Natasha
  2745 | D:2      | Noticed Natasha
  2758 | D:2      | Killed Natasha
  2758 | D:2      | Reached XP level 6. HP: 33/49 MP: 8/8
  4257 | D:3      | Reached *** piety under Lugonu
  4809 | D:4      | Noticed an ogre
  4823 | D:4      | Banished an ogre
  4823 | D:4      | Reached skill level 5 in Axes
  4823 | D:4      | Reached XP level 7. HP: 6/55 MP: 5/10
  4824 | D:4      | HP: 1/55 [scorpion (6)]
  4825 | D:4      | Succumbed to a scorpion's poison

Levels and vault maps discovered:
D:1:      dpeg_arrival_caged_fury, layout_basic, st_stairs_10,
          solitary_fountain, minmay_tetromino_s2
D:2:      layout_basic, uniq_natasha
D:3:      layout_basic, first_ration, small_statue_intersection
D:4:      layout_rooms, minmay_temple_entry_drinking_statues

Skill      XL: |  1  2  3  4  5  6 |
---------------+-------------------+-----
Axes           | 3 4 5 |  5.2
Invocations    | 3 4 |  4.4
Fighting       | 4 |  4.9
Armour         | |  2.1
Dodging        | |  0.8

Action                   |  1- 3 |  4- 6 |  7- 9 || total
-------------------------+-------+-------+-------++-------
Melee: Hand axe          |   100 |   249 |       ||   349
       War axe           |       |    73 |     1 ||    74
Invok: Depart the Abyss  |     1 |       |       ||     1
       Banish            |       |     1 |     1 ||     2
  Use: Scroll            |       |     3 |       ||     3
       Potion            |       |       |     1 ||     1
  Eat: Chunk             |     1 |    22 |       ||    23
       Ration            |       |     1 |       ||     1
Armor: Leather armour    |    28 |    16 |       ||    44
       Chain mail        |       |   162 |     2 ||   164
Dodge: Dodged            |    57 |   127 |     1 ||   185
Block: Buckler           |       |    12 |       ||    12

Table legend:
 A = Non-vault XP
 B = Vault XP
 C = Vault XP percentage of total XP
 D = Non-vault monster count
 E = Vault monster count
 F = Vault count percentage of total count
                 A         B        C        D         E       F
            +---------+---------+-------+---------+---------+-------
      Total |     460 |     104 |  18.4 |      87 |      22 |  20.2
            +---------+---------+-------+---------+---------+-------
        D:1 |      36 |      69 |  65.7 |      20 |      21 |  51.2
        D:2 |     162 |      35 |  17.8 |      27 |       1 |   3.6
        D:3 |     139 |       0 |   0.0 |      33 |       0 |   0.0
        D:4 |     123 |       0 |   0.0 |       7 |       0 |   0.0
            +---------+---------+-------+---------+---------+-------
